 Dungeon Crawl Stone Soup version 0.31.0-12-g77e489cdc1 (webtiles) character file.

Game seed: 6792305875576030925

637 jimonade the Cleaver (level 7, -2/58 HPs)
             Began as a Hill Orc Monk on Feb 28, 2024.
             Was a Priest of the Shining One.
             Slain by a killer bee (6 damage)
             ... on level 7 of the Dungeon.
             The game lasted 00:06:51 (2874 turns).

jimonade the Cleaver (Hill Orc Monk)                Turns: 2874, Time: 00:06:52

Health: -2/58      AC:  8    Str: 16    XL:     7   Next: 50%
Magic:  7/7        EV: 12    Int: 10    God:    the Shining One [***...]
Gold:   98         SH:  0    Dex: 15    Spells: 6/6 levels left

rFire   . . .        a - +9 whip of Mativy {heavy, Dex+2}
rCold   . . .        d - orb {light}
rNeg    + . .        x - +0 troll leather armour {Pargi}
rPois   .            s - +0 helmet
rElec   .            (no cloak)
rCorr   .            (no gloves)
SInv    .            (no boots)
Will    .....        (no amulet)
Stlth   +            l - +4 ring of protection
HPRegen 1.09/turn    (no ring)
MPRegen 0.10/turn

%: no passive effects
@: confused, lethally poisoned (-2 -> -8), ambrosia-drunk, glowing
A: no striking features
a: Renounce Religion, Divine Shield, Cleansing Flame


You were on level 7 of the Dungeon.
You worshipped the Shining One.
The Shining One was most pleased with you.
You visited 1 branch of the dungeon, and saw 5 of its levels.

You collected 98 gold pieces.

Inventory:

Hand Weapons
 a - the +9 whip of Mativy (weapon) {heavy, Dex+2}
   (You found it on level 4 of the Dungeon)

   Dex+2:     It affects your dexterity (+2).
 z - a +0 hand axe
Missiles
 m - 3 atropa-tipped darts (quivered)
 q - 6 datura-tipped darts
 r - 29 stones
Armour
 b - a +0 robe
 d - an orb of light (worn)
 f - a +0 chain mail
 g - a +0 leather armour
 k - a +0 ring mail
 s - a +0 helmet (worn)
 w - a +1 leather armour of willpower
 x - a +0 troll leather armour (worn) {Pargi}
Jewellery
 l - a +4 ring of protection (left hand)
Wands
 A - a wand of polymorph (11)
 C - a wand of mindburst (12)
Scrolls
 h - 3 scrolls of identify {unknown}
 i - 2 scrolls of fog {unknown}
 j - a scroll of silence {unknown}
 n - 3 scrolls of fear {unknown}
 p - a scroll of poison {unknown}
 u - 2 scrolls of teleportation {unknown}
 v - a scroll of amnesia {unknown}
 y - a scroll of vulnerability {unknown}
 E - 2 scrolls of enchant armour {unknown}
Potions
 e - a potion of heal wounds {unknown}
 o - a potion of cancellation {unknown}
 t - a potion of lignification {unknown}
 B - a potion of attraction {unknown}
 D - a potion of resistance {unknown}


   Skills:
 + Level 3.9 Fighting
 - Level 8.1(9.3) Axes
 + Level 5.8(7.3) Maces & Flails
 + Level 1.0 Armour
 - Level 2.4 Dodging


You had 6 spell levels left.
You didn't know any spells.
Your spell library contained the following spells:

 Spells                   Type           Power      Damage    Failure   Level
 Magic Dart               Conj           0%         1d3       43%         1
 Blink                    Tloc           0%         N/A       56%         2
 Call Imp                 Summ           0%         N/A       56%         2


Dungeon Overview and Level Annotations

Branches:
Dungeon (4/15) Zot: 26890
 Temple: D:4-7

Altars:
Yredelemnul
The Shining One

Shops:
D:4 [[

Annotations:
D:1 2 transporters


Message History

The iguana hisses angrily.
You whack the iguana!
The iguana is heavily wounded.
The iguana misses you. The iguana closely misses you.
You hit the iguana.
The iguana is severely wounded.
The iguana bites you but does no damage.
You thrash the iguana!!
You kill the iguana!
Your Armour skill increases to level 1!
No target in view!
You see here an iguana corpse.
A centaur comes into view.
The centaur shouts!
You hear an angry buzzing noise. x2
The centaur wields a +0 shortbow.
The centaur shoots an arrow.
The arrow hits you.
The centaur shoots an arrow.
The arrow barely misses you.
The centaur shoots an arrow.
The arrow hits you.
You hear an angry buzzing noise.
A killer bee comes into view.
The killer bee buzzes angrily.
The centaur shoots an arrow.
The arrow hits you.
A killer bee comes into view.
The centaur shoots an arrow.
The arrow hits you but does no damage.
You hear an angry buzzing noise.
A killer bee comes into view.
A killer bee comes into view. x2
The killer bee stings you but does no damage. x2
The centaur unwields a +0 shortbow.
The centaur barely misses you. The centaur closely misses you.
You fail to use your ability.
The killer bee stings you. The killer bee barely misses you.
The centaur closely misses you. The centaur kicks you.
Activating: Cleansing Flame (83% risk of failure)
Press: ? - help, Dir - look around, f - activate The golden flame engulfs you but does no damage.
You resist.
The golden flame engulfs the killer bee.
The killer bee is moderately wounded.
The golden flame engulfs the killer bee!
The killer bee is severely wounded.
The golden flame engulfs the centaur!
The centaur is almost dead.
The golden flame engulfs the killer bee!
The killer bee is severely wounded.
You hear an angry hiss.
You hear a shout! x2
The killer bee closely misses you. The centaur closely misses you.
The centaur kicks you but does no damage.
The killer bee stings you! x2
You hit the centaur but do no damage.
The centaur is almost dead.
The killer bee stings you but does no damage. x3
The centaur hits you. The centaur barely misses you. The killer bee stings you.
* * * LOW HITPOINT WARNING * * *
The killer bee closely misses you.
The killer bee stings you but does no damage.
The killer bee barely misses you. The centaur hits you.
* * * LOW HITPOINT WARNING * * *
The centaur misses you.
You barely miss the centaur.
The centaur is almost dead.
The killer bee closely misses you. The killer bee stings you.
* * * LOW HITPOINT WARNING * * *
You are poisoned.
The killer bee poisons you!
The killer bee stings you but does no damage. x2
The centaur closely misses you. x2; The killer bee stings you.
* * * LOW HITPOINT WARNING * * *
The killer bee barely misses you. x3; The centaur barely misses you.
The centaur closely misses you.
The killer bee stings you but does no damage.
The killer bee stings you.
* * * LOW HITPOINT WARNING * * *
You are more poisoned.
The killer bee poisons you!
The killer bee stings you but does no damage.
The killer bee stings you.
* * * LOW HITPOINT WARNING * * *
You are lethally poisoned!
The killer bee poisons you!
You are confused.
You feel invigorated.
* * * LOW HITPOINT WARNING * * *
You feel very sick. The killer bee closely misses you.
The killer bee stings you but does no damage. x2
The killer bee closely misses you. The centaur barely misses you. x2
The killer bee barely misses you. The killer bee closely misses you.
The killer bee stings you.
* * * LOW HITPOINT WARNING * * *
The killer bee stings you but does no damage.
You whack the killer bee!
You kill the killer bee!
* * * LOW HITPOINT WARNING * * *
You feel very sick. The centaur barely misses you.
The centaur closely misses you.
The killer bee barely misses you. x3; The centaur hits you.
* * * LOW HITPOINT WARNING * * *
The centaur kicks you but does no damage.
The killer bee stings you.
You die...

............##
.............###
...............##
.>..............## .
.................#####..
........................
........................
#.......................
..............y@†......
#.............yyc......
.... .........y.......
................
...............
...............
...............
...............


You could see a centaur and 4 killer bees.

Vanquished Creatures
  Sigmund (D:2)
  Eustachio (D:4)
  Pargi (D:3)
  A killer bee (D:7)
  2 orc priests (D:3)
  3 iguanas (D:7)
  Robin (D:3)
  An adder (D:3)
  A dart slug (D:4)
  A ribbon worm (D:2)
  9 orcs (D:3)
  2 bats
  3 endoplasms
  6 giant cockroaches
  13 goblins
  6 hobgoblins
  8 jackals
  2 quokkas
  4 ball pythons
  A frilled lizard (D:1)
  4 kobolds
  6 rats
77 creatures vanquished.

Notes
Turn   | Place    | Note
-------+----------+-------------------------------------------
     0 | D:1      | jimonade the Hill Orc Monk began the quest for the Orb.
     0 | D:1      | Reached XP level 1. HP: 19/19 MP: 1/1
    24 | D:1      | Found a faded altar of an unknown god.
    41 | D:1      | Prayed at the altar of an unknown god.
    41 | D:1      | Became a worshipper of the Shining One
    41 | D:1      | Reached * piety under the Shining One
    41 | D:1      | Reached ** piety under the Shining One
    84 | D:1      | Reached skill level 1 in Maces & Flails
    84 | D:1      | Reached XP level 2. HP: 25/26 MP: 2/2
   624 | D:2      | Noticed Sigmund
   640 | D:2      | Killed Sigmund
   641 | D:2      | Reached skill level 6 in Axes
   641 | D:2      | Reached XP level 3. HP: 11/31 MP: 3/3
   641 | D:2      | Reached XP level 4. HP: 13/39 MP: 4/4
   641 | D:2      | Reached XP level 5. HP: 16/45 MP: 5/5
   818 | D:2      | Reached *** piety under the Shining One
  1558 | D:3      | Noticed Robin
  1567 | D:3      | Killed Robin
  1625 | D:3      | Reached XP level 6. HP: 51/51 MP: 6/6
  1874 | D:3      | Reached skill level 7 in Axes
  1997 | D:3      | Found a basalt altar of Yredelemnul.
  2100 | D:3      | Noticed Pargi
  2117 | D:3      | Killed Pargi
  2118 | D:3      | Reached skill level 5 in Maces & Flails
  2576 | D:4      | Found Taec's Armour Boutique.
  2590 | D:4      | Noticed Eustachio
  2593 | D:4      | Found Nonkoxue's Antique Armour Shop.
  2626 | D:4      | Killed Eustachio
  2627 | D:4      | Reached skill level 8 in Axes
  2627 | D:4      | Reached XP level 7. HP: 48/57 MP: 7/7
  2647 | D:4      | Identified the +9 whip of Mativy {heavy, Dex+2}
  2767 | D:4      | You fall into a shaft and drop 3 floors!
  2839 | D:7      | Reached skill level 1 in Armour
  2874 | D:7      | Slain by a killer bee

Illustrated notes

Levels and vault maps discovered:
D:1:      spicycebolla_arrival_transporter_tutorial, layout_basic,
          basic_ecumenical_altar, nicolae_concentric_dashed_squares_mild,
          minmay_pentomino_v4
D:2:      layout_loops_ring, uniq_sigmund
D:3:      layout_loops_ring, mainiacjoe_overflow_alcove_4,
          roderic_st_hans_cross, uniq_pargi, uniq_robin
D:4:      gammafunk_steamed_eel, layout_basic, minmay_temple_entry_metal_lava,
          serial_shops, shop_fountains, shop, eino_tiny_chamber, uniq_eustachio
D:7:      layout_layer_cave, serial_shops, kennysheep_mini_moat

Skill      XL: |  1  2  3  4  5  6  7 |
---------------+----------------------+-----
Maces & Flails | 1 3 4 5 |  5.8
Axes           | 6 8 |  8.1
Armour         | 1 |  1.0
Fighting       | |  3.9
Dodging        | |  2.4

Action                     |  1- 3 |  4- 6 |  7- 9 || total
---------------------------+-------+-------+-------++-------
  Melee: Hand axe          |    52 |   178 |     2 ||   232
         Whip              |       |       |    15 ||    15
 Invoke: Divine Shield     |       |     2 |       ||     2
         Cleansing Flame   |       |       |     1 ||     1
    Use: Potion            |       |       |     1 ||     1
 Armour: Chain mail        |    38 |    79 |       ||   117
         Troll leather arm |       |    30 |    41 ||    71
         Leather armour    |       |    29 |       ||    29
  Dodge: Dodged            |    17 |    78 |    35 ||   130
